 Dungeon Crawl Stone Soup version 0.23-a0-386-g9c9d49f (webtiles) character file.

107 iamserjio the Sneak (level 4, 19/19 HPs)
             Began as a Felid Wanderer on Oct 28, 2018.
             Quit the game on level 3 of the Dungeon.
             The game lasted 00:13:11 (6267 turns).

iamserjio the Sneak (Felid Wanderer)                Turns: 6267, Time: 00:13:12

Health: 19/19      AC:  1    Str:  6    XL:     4   Next: 57%
Magic:  17/17      EV: 19    Int: 15    God:
Gold:   142        SH:  0    Dex: 17    Spells: 1/7 levels left
                                        Lives:  0   Deaths: 1

rFire    . . .     SeeInvis +     - Unarmed
rCold    . . .     Gourm    .   (shield unavailable)
rNeg     . . .     Faith    .   (armour unavailable)
rPois    .         Spirit   .   (helmet unavailable)
rElec    .         Reflect  .   (cloak unavailable)
rCorr    .         Harm     .   (gloves unavailable)
MR       .....                  (boots unavailable)
Stlth    +++.......             (no amulet)
HPRegen  0.06/turn              a - ring of magical power
MPRegen  0.15/turn              (no ring)

@: quick
A: very small, no armour, no weapons or thrown items, stealth, claws 1, fangs 3,
see invisible, carnivore, speed 1, shaggy fur 1, slow metabolism 1, sharp paws
a: no special abilities


You were on level 3 of the Dungeon.
You were not hungry.

You visited 1 branch of the dungeon, and saw 3 of its levels.

You collected 142 gold pieces.

Inventory:

Missiles
 j - 60 arrows
Jewellery
 a - a ring of magical power (left paw)
Scrolls
 b - a scroll of enchant armour {unknown}
 d - 2 scrolls of amnesia {unknown}
 e - a scroll of immolation {unknown}
 f - 4 scrolls of identify {unknown}
 g - a scroll of remove curse {unknown}
 h - 2 scrolls of blinking {unknown}
 k - a scroll of teleportation {unknown}
Potions
 i - a potion of brilliance {unknown}
 l - a potion of heal wounds
 m - 2 potions of haste {unknown}
Comestibles
 c - 3 rations
 n - a chunk of flesh


   Skills:
 - Level 2.0 Fighting
 * Level 3.5 Dodging
 + Level 4.3 Stealth
 + Level 2.8 Unarmed Combat
 + Level 2.4 Spellcasting
 + Level 1.3 Conjurations
 - Level 0.6 Summonings
   Level 1.0 Ice Magic
 * Level 1.5 Air Magic
 - Level 1.0 Poison Magic


You had one spell level left.
You knew the following spells:

 Your Spells              Type           Power        Failure   Level  Hunger
a - Magic Dart            Conj           #...         12%         1    #......
b - Call Imp              Summ           #.......     26%         2    ###....
c - Mephitic Cloud        Conj/Pois/Air  #.......     36%         3    ###....

Your spell library contained the following spells:

 Spells                   Type           Power        Failure   Level  Hunger
 Blink                    Tloc           N/A          32%         2    ###....
 Slow                     Hex            #.......     32%         2    ###....
 Conjure Flame            Conj/Fire      #.......     43%         3    ###....


Dungeon Overview and Level Annotations

Branches:
Dungeon (3/15)

Altars:
Xom


Innate Abilities, Weirdness & Mutations

You cannot wear armour.
You are incapable of wielding weapons or throwing items.
Your paws allow you to move quietly. (Stealth)
You have sharp claws.
You have razor-sharp teeth.
You have supernaturally acute eyesight. (SInv)
You are carnivorous and can eat meat at any time.
You cover ground quickly.
You are covered in fur. (AC +1)
You have a slow metabolism.
Your sharp claws are effective at attacking unaware monsters.


Message History

Casting: Magic Dart (safe; 12% risk of failure)
Aiming: Magic Dart (safe; 12% risk of failure)
Aim: a gnoll, wielding a +0 spear (moderately wounded)
The magic dart hits the gnoll.
The gnoll closely misses you.
Some of the chunks of flesh in your inventory have rotted away.
Casting: Magic Dart (safe; 12% risk of failure)
Aiming: Magic Dart (safe; 12% risk of failure)
Aim: a gnoll, wielding a +0 spear (heavily wounded)
The magic dart hits the gnoll.
The gnoll completely misses you.
Casting: Magic Dart (safe; 12% risk of failure)
Aiming: Magic Dart (safe; 12% risk of failure)
Aim: a gnoll, wielding a +0 spear (severely wounded)
The magic dart hits the gnoll.
The gnoll hits you with a +0 spear!
Casting: Magic Dart (safe; 12% risk of failure)
Aiming: Magic Dart (safe; 12% risk of failure)
Aim: a gnoll, wielding a +0 spear (almost dead)
The magic dart hits the gnoll.
The gnoll hits you with a +0 spear!
You die...
You are now level 4!
You rejoin the land of the living...

######## #......# #......#
#....).## #### #....÷..#
#..# #...>...#####
#..#########
#..........@####......÷...#
#####.#####...###..######.#
#...# ###......# #.##
###.## ######.## #... #..#
#..## ###. ##.# ##..## #.
#.### #)..# ## #..÷# #.#.##
# ###.# #.#..## #


There were no monsters in sight!

Vanquished Creatures
  2 orc priests
  An orc wizard (D:3)
  5 adders
  2 worms (D:2)
  5 dart slugs
  4 leopard geckos
  8 orcs
  2 giant cockroaches (D:2)
  4 goblins
  4 hobgoblins
  5 bats (D:2)
  A frilled lizard (D:3)
  9 kobolds
  7 rats
59 creatures vanquished.

Vanquished Creatures (others)
  A dart slug (D:1)
1 creature vanquished.

Grand Total: 60 creatures vanquished

Notes
Turn   | Place    | Note
-------+----------+-------------------------------------------
     0 | D:1      | iamserjio the Felid Wanderer began the quest for the Orb.
     0 | D:1      | iamserjio set off with the following items: 2 potions of
                  | lignification, a ration; and the following spell memorised:
                  | Magic Dart; and the following spells available to memorise:
                  | Blink, Call Imp, Slow, Conjure Flame, Mephitic Cloud
     0 | D:1      | Reached XP level 1. HP: 9/9 MP: 4/4
   339 | D:1      | Reached skill level 3 in Stealth
  1336 | D:2      | Reached XP level 2. HP: 13/13 MP: 6/6
  1556 | D:2      | Learned a level 2 spell: Call Imp
  1912 | D:2      | Reached XP level 3. HP: 16/16 MP: 5/7
  2529 | D:2      | Found a faded altar of an unknown god.
  3444 | D:2      | Learned a level 3 spell: Mephitic Cloud
  3805 | D:3      | Reached XP level 4. HP: 19/19 MP: 8/8
  4104 | D:3      | Found a shimmering altar of Xom.
  4131 | D:2      | Reached skill level 4 in Stealth
  4487 | D:2      | Reached skill level 1 in Conjurations
  4563 | D:3      | Reached skill level 1 in Air Magic
  4577 | D:3      | Reached XP level 5. HP: 7/22 MP: 9/9
  5757 | D:2      | Reached skill level 1 in Poison Magic
  6266 | D:3      | Slain by a gnoll
  6267 | D:3      | Reached XP level 4. HP: -3/19 MP: 10/17
  6267 | D:3      | Quit the game

Vault maps used:
D:1:      shiori_arrival_oz
D:2:      minmay_wonky_spiral, chequers_ecumenical_altar_simple_redux,
          kennysheep_decorative_pillar, kennysheep_generic_room_11
D:3:      first_ration, xom_teletrap_fun

Skill      XL: |  1  2  3  4  5 |
---------------+----------------+-----
Stealth        | 3 4 |  4.3
Dodging        | 2 3 |  3.5
Conjurations   | 1 |  1.3
Air Magic      | 1 |  1.5
Poison Magic   | 1 |  1.0
Fighting       | |  2.0
Unarmed Combat | |  2.8
Spellcasting   | |  2.4
Summonings     | |  0.6
Ice Magic      | |  1.0

Action                   |  1- 3 |  4- 6 || total
-------------------------+-------+-------++-------
Melee: Unarmed           |    79 |    29 ||   108
       Bite              |     7 |     5 ||    12
       Punch             |       |     1 ||     1
 Cast: Magic Dart        |    80 |   141 ||   221
  Use: Potion            |     2 |     2 ||     4
 Stab: Sleeping          |     7 |     3 ||    10
  Eat: Chunk             |    14 |     8 ||    22
Armor: Skin              |     5 |     8 ||    13
Dodge: Dodged            |   108 |    61 ||   169

Table legend:
 A = Non-vault XP
 B = Vault XP
 C = Vault XP percentage of total XP
 D = Non-vault monster count
 E = Vault monster count
 F = Vault count percentage of total count
                 A         B        C        D         E       F
            +---------+---------+-------+---------+---------+-------
      Total |     273 |      29 |   9.6 |      50 |       9 |  15.3
            +---------+---------+-------+---------+---------+-------
        D:1 |       6 |       4 |  40.0 |       2 |       2 |  50.0
        D:2 |     129 |      25 |  16.2 |      31 |       7 |  18.4
        D:3 |     138 |       0 |   0.0 |      17 |       0 |   0.0
            +---------+---------+-------+---------+---------+-------
